 Dungeon Crawl Stone Soup version 0.16-a0-4086-gceb3487 (webtiles) character file.

95 MonstrousorDeath the Digger (level 4, -4/30 HPs)
             Began as a Demonspawn Earth Elementalist on Feb 23, 2015.
             Was an Initiate of Cheibriados.
             Slain by an orc (5 damage)
             ... on level 3 of the Dungeon.
             The game lasted 00:10:40 (2265 turns).

MonstrousorDeath the Digger (DsEE)                  Turns: 2265, Time: 00:10:40

Health: -4/30      AC:  2    Str: 14    XL:     4   Next: 39%
Magic:  1/7        EV: 12    Int: 21    God:    Cheibriados [......]
Gold:   143        SH:  0    Dex: 16    Spells: 2 memorised, 3 levels left

rFire  + . .     SeeInvis .     b - 71 stones
rCold  + . .     Clarity  .     c - +0 robe
rNeg   . . .     SustAb   .     (no shield)
rPois  +         Gourm    .     (no helmet)
rElec  +         Spirit   .     (no cloak)
rCorr  +         Warding  .     (no gloves)
rMut   .         Stasis   .     (no boots)
MR     .....                    (no amulet)
Stlth  ++........               (no ring)
                                (no ring)

@: mighty, lethally poisoned (-4 -> -7), resistant, very slow, not resistant to
hostile enchantments, unstealthy
A: talons 2, agile 1, clever 1, powered by death 1, MP-powered wands 1
a: Bend Time, Renounce Religion


You were on level 3 of the Dungeon.
You worshipped Cheibriados.
Cheibriados was noncommittal.
You were not hungry.

You visited 1 branch of the dungeon, and saw 3 of its levels.

You collected 143 gold pieces.

Inventory:

Missiles
 b - 71 stones (in hand)
Armour
 c - a +0 robe (worn)
Jewellery
 j - a +6 ring of strength {unknown}
Scrolls
 e - 4 scrolls of identify
 f - 6 scrolls of remove curse
 k - 2 scrolls of enchant weapon
Potions
 m - a potion of poison {unknown}
 o - a potion of curing {unknown}
Books
 d - a book of Geomancy

   Spells                             Type                      Level
   a - Sandblast                      Earth                        1
   b - Stoneskin                      Transmutation/Earth          2
   c - Passwall                       Transmutation/Earth          3
   d - Stone Arrow                    Conjuration/Earth            3
   e - Petrify                        Transmutation/Earth          4
   f - Lee's Rapid Deconstruction     Earth                        5
Comestibles
 a - a bread ration
 n - a beef jerky


   Skills:
 - Level 1.7 Dodging
 - Level 1.7 Stealth
 - Level 2.0 Spellcasting
   Level 0.8 Transmutations
 + Level 4.7 Earth Magic


You had 3 spell levels left.
You knew the following spells:

 Your Spells              Type           Power        Failure   Level  Hunger
a - Sandblast             Erth           ###...       1%          1    #......
b - Stone Arrow           Conj/Erth      ##....       21%         3    ###....


Dungeon Overview and Level Annotations

Branches:
Dungeon (3/15)

Altars:
Cheibriados
The Shining One

Annotations:
D:2 Terence


Innate Abilities, Weirdness & Mutations

You have razor-sharp toenails.
You can steal the life force of nearby defeated enemies.
You are agile. (Dex +2)
Your mind is acute. (Int +2)
You expend magic power (3 MP) to slightly strengthen your wands.


Message History

The goblin shoots a stone.
The stone hits you but does no damage. Something hits you.
* * * LOW HITPOINT WARNING * * *
The orc closely misses you.
Drink which item? (? for menu, Esc to quit)
It was a potion of might.
You feel very mighty all of a sudden. The giant mite bites you.
* * * LOW HITPOINT WARNING * * *
The orc closely misses you.
The goblin shoots a stone.
The stone closely misses you. Something hits you.
* * * LOW HITPOINT WARNING * * *
The orc barely misses you.
Drink which item? (? for menu, Esc to quit)
It was a potion of restore abilities.
You feel refreshed.
* * * LOW HITPOINT WARNING * * *
You feel sick. The giant mite bites you.
* * * LOW HITPOINT WARNING * * *
The orc hits you.
You die...

### #...g
##......
#........
#........
#
#l.g.(...
...###
#o(.......
.......
#@s.......
...###
##o.......
. #
#...... #
###### ##
##. #.. ##
.. #. ..
#. #.


You could see a giant mite, 2 orcs, 2 goblins and a giant newt.

Vanquished Creatures
  Jessica (D:2)
  An adder (D:2)
  A worm (D:2)
  2 giant geckos
  An ooze (D:1)
  3 bats (D:1)
  3 giant cockroaches
  8 goblins
  10 hobgoblins
  7 kobolds
  4 quokkas
  3 ball pythons (D:1)
  3 giant newts (D:1)
  4 jackals (D:1)
  7 rats
58 creatures vanquished.

Notes
Turn   | Place    | Note
--------------------------------------------------------------
     0 | D:1      | MonstrousorDeath, the Demonspawn Earth Elementalist, began the quest for the Orb.
     0 | D:1      | Reached XP level 1. HP: 13/13 MP: 3/3
   189 | D:1      | Reached skill level 3 in Earth Magic
   284 | D:1      | Gained mutation: You can steal the life force of nearby defeated enemies. [demonic ancestry]
   284 | D:1      | Reached XP level 2. HP: 19/19 MP: 2/4
   783 | D:1      | Gained mutation: You have sharp toenails. [demonic ancestry]
   783 | D:1      | Reached XP level 3. HP: 18/24 MP: 1/6
  1022 | D:1      | Reached skill level 4 in Earth Magic
  1246 | D:2      | Noticed Jessica
  1255 | D:2      | Killed Jessica
  1395 | D:2      | Gained mutation: You have razor-sharp toenails. [demonic ancestry]
  1395 | D:2      | Reached XP level 4. HP: 28/30 MP: 3/7
  1428 | D:2      | Found a snail-covered altar of Cheibriados.
  1487 | D:2      | Became a worshipper of Cheibriados the Contemplative
  1593 | D:2      | Learned a level 3 spell: Stone Arrow
  1756 | D:2      | Noticed Terence
  2044 | D:3      | Found a glowing golden altar of the Shining One.
  2262 | D:3      | Gained mutation: Your mind is acute. (Int +2) [potion of mutation]
  2262 | D:3      | Gained mutation: You are agile. (Dex +2) [potion of mutation]
  2262 | D:3      | Gained mutation: You expend magic power (3 MP) to slightly strengthen your wands. [potion of mutation]
  2265 | D:3      | HP: 1/30 [giant mite (1)]
  2265 | D:3      | Slain by an orc

Action                   |  1- 3 |  4- 6 || total
-------------------------+-------+-------++-------
Melee: Unarmed           |     4 |       ||     4
 Cast: Sandblast         |    82 |    47 ||   129
  Use: Potion            |       |     4 ||     4
       Scroll            |       |     3 ||     3
  Eat: Chunk             |     3 |     3 ||     6
